Washington Capitals vs Minnesota North Stars
Created - Thursday, November 16, 2023 at 07:28
Goals
|
| Washington Capitals |
0 |
0 |
1 |
1 |
| Minnesota North Stars |
0 |
1 |
2 |
3 |
|
Shots
|
| Washington Capitals |
9 |
12 |
6 |
27 |
| Minnesota North Stars |
14 |
10 |
11 |
35 |
|
1st period
No Goal
Penalties :
Gustav Forsling (MNS) for Roughing (Minor) at 16:51
2nd period
1. Minnesota North Stars , Ryan Nugent-Hopkins 40 (Jack Hughes 27) at 9:07 (PP)
Penalties :
Jason Robertson (WSH) for Hooking (Minor) at 8:53, Dylan DeMelo (WSH) for Interference (Minor) at 19:07
3rd period
2. Minnesota North Stars , Jeff Skinner 22 (Jack Hughes 28, Ryan Nugent-Hopkins 39) at 2:35
3. Minnesota North Stars , Viktor Arvidsson 21 (Brock Nelson 25, Evgeni Malkin 44) at 4:53 (PP)
4. Washington Capitals , John Carlson 4 (Owen Tippett 10, Jake Oettinger) at 15:19
Penalties :
David Savard (WSH) for Hooking (Minor) at 3:36, Jake Oettinger (WSH) for Slashing (Minor) at 3:49 - Ian Cole served the penalty, Ian Cole (WSH) for Slashing (Minor) at 6:42
Goalie Stats
Jake Oettinger (WSH), 32 saves from 35 shots - (0.914), L, 21-21-5, 60:00 minutes
Stuart Skinner (MNS), 26 saves from 27 shots - (0.963), W, 21-5-3, 60:00 minutes
Players Stats for Washington Capitals
Player Name G A P +/- PIM S H SB GA TA FO MP PP MP PK MP
------------------------------------------------------------------------------------
Alex Ovechkin 0 0 0 0 0 1 3 0 0 0 0/1 18:20 1:12 0:00
Brad Marchand 0 0 0 0 0 0 3 0 0 0 0/1 19:16 0:00 3:47
Brayden Point 0 0 0 0 0 3 1 0 0 0 14/30 18:20 1:12 0:00
Cody Glass 0 0 0 0 0 0 2 1 1 0 3/8 11:56 0:00 0:00
David Savard 0 0 0 1 2 0 1 4 0 1 0/0 23:15 0:28 4:21
Dominik Kubalik 0 0 0 0 0 1 1 0 1 0 0/0 8:21 0:47 0:30
Drake Batherson 0 0 0 0 0 0 0 0 0 0 0/2 11:56 0:00 0:00
Dylan DeMelo 0 0 0 -1 2 0 1 1 0 0 0/0 19:55 1:13 0:39
Erik Cernak 0 0 0 -1 0 0 2 3 0 2 0/0 22:10 0:46 3:10
Ian Cole 0 0 0 0 2 0 0 2 0 0 0/0 18:04 0:00 2:19
Jason Robertson 0 0 0 0 2 7 1 0 0 0 0/0 18:04 0:57 0:00
Jason Zucker 0 0 0 0 0 1 0 0 0 0 0/0 7:29 0:25 0:00
John Carlson 1 0 1 1 0 3 2 6 0 1 0/0 21:09 1:13 2:14
Jordan Kyrou 0 0 0 0 0 2 2 1 0 0 0/0 14:55 0:00 0:00
Nick Foligno 0 0 0 0 0 2 1 0 0 0 1/6 9:41 0:47 1:50
Nick Jensen 0 0 0 0 0 1 2 0 0 1 0/0 15:58 0:18 0:05
Nico Hischier 0 0 0 0 0 5 1 0 1 0 10/20 20:03 0:00 4:34
Owen Tippett 0 1 1 0 0 1 4 0 0 1 0/0 13:36 0:37 1:03
Players Stats for Minnesota North Stars
Player Name G A P +/- PIM S H SB GA TA FO MP PP MP PK MP
------------------------------------------------------------------------------------
Adam Lowry 0 0 0 0 0 0 1 1 0 0 4/7 9:46 0:00 0:00
Brandon Montour 0 0 0 0 0 1 1 2 1 0 0/0 19:18 3:01 0:14
Brock Nelson 0 1 1 -1 0 7 1 0 0 0 1/3 17:59 3:32 0:00
Derick Brassard 0 0 0 0 0 1 2 0 1 0 0/0 10:45 0:00 0:23
Eeli Tolvanen 0 0 0 0 0 2 0 0 0 0 0/0 9:46 0:00 0:00
Evan Rodrigues 0 0 0 0 0 0 1 2 0 0 1/1 12:43 0:00 0:00
Evgeni Malkin 0 1 1 0 0 3 1 2 1 0 9/13 16:38 3:32 0:00
Frank Vatrano 0 0 0 -1 0 0 0 0 0 0 0/2 14:47 0:00 0:00
Gustav Forsling 0 0 0 0 2 0 1 1 0 1 0/0 18:54 3:23 0:00
Jack Hughes 0 2 2 1 0 4 1 0 1 0 0/1 17:34 2:52 1:03
Jamie Oleksiak 0 0 0 0 0 1 1 2 0 0 0/0 26:03 3:23 1:14
Jeff Skinner 1 0 1 1 0 4 1 1 0 0 1/1 17:36 2:52 0:45
Jonathan Toews 0 0 0 -1 0 1 2 1 0 0 13/16 15:50 0:00 0:44
Justin Holl 0 0 0 0 0 0 0 0 0 1 0/0 15:01 0:00 0:14
Neal Pionk 0 0 0 0 0 2 2 2 0 0 0/0 16:09 0:00 1:02
Rasmus Dahlin 0 0 0 0 0 2 3 0 1 1 0/0 25:13 3:01 1:14
Ryan Nugent-Hopkins 1 1 2 1 0 3 1 0 1 0 11/24 17:34 2:52 1:03
Viktor Arvidsson 1 0 1 0 0 4 1 1 0 0 0/0 16:24 3:32 0:00
3 Stars
1 - Ryan Nugent-Hopkins (MNS)
2 - Stuart Skinner (MNS)
3 - Jeff Skinner (MNS)
Power Play
Washington Capitals - 0 on 1 Attempt(s) - 0.00%
Minnesota North Stars - 2 on 5 Attempt(s) - 40.00%
Penalty Kill
Washington Capitals - 3 on 5 Attempt(s) - 60.00%
- Score 0 goal in Penalty Kill
Minnesota North Stars - 1 on 1 Attempt(s) - 100.00%
- Score 0 goal in Penalty Kill
Team Stat
Washington Capitals - Hits : 27 - Faceoff Wins : 28 - Blocked Shots : 18 - Penalty Minutes : 10
Minnesota North Stars - Hits : 20 - Faceoff Wins : 40 - Blocked Shots : 15 - Penalty Minutes : 2
Official
Referees : Dan O'Rourke and Steve Kozari
Linesman : Steve Miller and Derek Amell
Game Notes
No Game Note
Finance
Level 1 -- Attendance: 4974 (82.90%) -- Ticket Income $497,400
Level 2 -- Attendance: 4155 (83.10%) -- Ticket Income $249,300
Level 3 -- Attendance: 2575 (85.83%) -- Ticket Income $90,125
Level 4 -- Attendance: 3654 (73.08%) -- Ticket Income $91,350
Luxury Box -- Attendance: 765 (76.50%) -- Ticket Income $153,000
Game was played at the Met Center.
Total Attendance: 16123 (80.62%)
Total Ticket Income: $1,081,175
Other Income: $378,411
Total Income: $1,459,586
Washington Capitals
5 vs 5 Forward
Center Left Wing Right Wing Time % Phy DF OF
1 Brayden Point Alex Ovechkin Jason Robertson 40 1 2 2
2 Nico Hischier Brad Marchand Jordan Kyrou 30 1 2 2
3 Cody Glass Owen Tippett Drake Batherson 20 1 2 2
4 Nick Foligno Dominik Kubalik Jason Zucker 10 1 2 2
5 vs 5 Defense
Defense Defense Time % Phy DF OF
1 John Carlson David Savard 35 1 2 2
2 Erik Cernak Dylan DeMelo 35 1 2 2
3 Nick Jensen Ian Cole 30 1 2 2
4 John Carlson David Savard 0 1 2 2
PowerPlay Forward
Center Left Wing Right Wing Time % Phy DF OF
1 Brayden Point Alex Ovechkin Jason Robertson 60 1 2 2
2 Nico Hischier Owen Tippett Jordan Kyrou 40 1 2 2
PowerPlay Defense
Defense Defense Time % Phy DF OF
1 John Carlson Dylan DeMelo 60 1 2 2
2 Nick Jensen Erik Cernak 40 1 2 2
Penalty Kill 4 Players Forward
Center Wing Time % Phy DF OF
1 Nico Hischier Brad Marchand 60 1 2 2
2 Nick Foligno Owen Tippett 40 1 2 2
Penalty Kill 4 Players Defense
Defense Defense Time % Phy DF OF
1 David Savard Ian Cole 60 1 2 2
2 Dylan DeMelo Erik Cernak 40 1 2 2
Penalty Kill - 3 Players Forward
Forward Time % Phy DF OF
1 Nico Hischier 60 1 2 2
2 Nick Foligno 40 1 2 2
Penalty Kill - 3 Players Defense
Defense Defense Time % Phy DF OF
1 David Savard Ian Cole 60 1 2 2
2 Dylan DeMelo Erik Cernak 40 1 2 2
4 vs 4 Forward
Center Wing Time % Phy DF OF
1 Brayden Point Jason Robertson 60 1 2 2
2 Nico Hischier Alex Ovechkin 40 1 2 2
4 vs 4 Defense
Defense Defense Time % Phy DF OF
1 John Carlson Dylan DeMelo 60 1 2 2
2 Erik Cernak Ian Cole 40 1 2 2
Last Minutes Offensive
Center Left Wing Right Wing Defense Defense
Brayden Point Alex Ovechkin Jason Robertson John Carlson Dylan DeMelo
Last Minutes Defensive
Center Left Wing Right Wing Defense Defense
Nico Hischier Brad Marchand Nick Foligno David Savard Ian Cole
Goaltenders
Starting : Jake Oettinger
Backup : Sergei Bobrovsky
Extra Forwards
Normal : Jordan Kyrou, Drake Batherson, Dominik Kubalik - PP : Owen Tippett, Brayden Point - PK : Dominik Kubalik
Extra Defensemen
Normal : Dylan DeMelo, Nick Jensen, Ian Cole - PP : Dylan DeMelo - PK : Erik Cernak, David Savard
Penalty Shots
Jason Robertson, Drake Batherson, Brayden Point, Cody Glass, David Savard
Minnesota North Stars
5 vs 5 Forward
Center Left Wing Right Wing Time % Phy DF OF
1 Ryan Nugent-Hopkins Jack Hughes Jeff Skinner 29 1 2 2
2 Evgeni Malkin Viktor Arvidsson Evan Rodrigues 29 1 2 2
3 Jonathan Toews Brock Nelson Frank Vatrano 29 1 2 2
4 Adam Lowry Derick Brassard Eeli Tolvanen 13 1 2 2
5 vs 5 Defense
Defense Defense Time % Phy DF OF
1 Rasmus Dahlin Jamie Oleksiak 30 1 2 2
2 Neal Pionk Brandon Montour 30 1 2 2
3 Gustav Forsling Justin Holl 25 1 2 2
4 Rasmus Dahlin Jamie Oleksiak 15 1 2 2
PowerPlay Forward
Center Left Wing Right Wing Time % Phy DF OF
1 Ryan Nugent-Hopkins Jack Hughes Jeff Skinner 50 1 1 3
2 Evgeni Malkin Brock Nelson Viktor Arvidsson 50 1 2 2
PowerPlay Defense
Defense Defense Time % Phy DF OF
1 Rasmus Dahlin Brandon Montour 50 1 2 2
2 Jamie Oleksiak Gustav Forsling 50 1 2 2
Penalty Kill 4 Players Forward
Center Wing Time % Phy DF OF
1 Ryan Nugent-Hopkins Jack Hughes 50 1 2 2
2 Jonathan Toews Evgeni Malkin 50 1 2 2
Penalty Kill 4 Players Defense
Defense Defense Time % Phy DF OF
1 Rasmus Dahlin Jamie Oleksiak 50 1 2 2
2 Neal Pionk Gustav Forsling 50 1 2 2
Penalty Kill - 3 Players Forward
Forward Time % Phy DF OF
1 Ryan Nugent-Hopkins 50 1 2 2
2 Evgeni Malkin 50 1 2 2
Penalty Kill - 3 Players Defense
Defense Defense Time % Phy DF OF
1 Rasmus Dahlin Jamie Oleksiak 50 1 2 2
2 Neal Pionk Gustav Forsling 50 1 2 2
4 vs 4 Forward
Center Wing Time % Phy DF OF
1 Ryan Nugent-Hopkins Jack Hughes 50 1 2 2
2 Evgeni Malkin Jeff Skinner 50 1 2 2
4 vs 4 Defense
Defense Defense Time % Phy DF OF
1 Rasmus Dahlin Jamie Oleksiak 50 1 2 2
2 Neal Pionk Brandon Montour 50 1 2 2
Last Minutes Offensive
Center Left Wing Right Wing Defense Defense
Ryan Nugent-Hopkins Jack Hughes Jeff Skinner Rasmus Dahlin Brandon Montour
Last Minutes Defensive
Center Left Wing Right Wing Defense Defense
Ryan Nugent-Hopkins Jeff Skinner Jonathan Toews Jamie Oleksiak Neal Pionk
Goaltenders
Starting : Stuart Skinner
Backup : Antti Raanta
Extra Forwards
Normal : Viktor Arvidsson, Jack Hughes, Jonathan Toews - PP : Viktor Arvidsson, Jack Hughes - PK : Jonathan Toews
Extra Defensemen
Normal : Neal Pionk, Justin Holl, Jamie Oleksiak - PP : Neal Pionk - PK : Justin Holl, Jamie Oleksiak
Penalty Shots
Ryan Nugent-Hopkins, Evgeni Malkin, Brock Nelson, Jeff Skinner, Jack Hughes
% Time on Ice - Washington Capitals
Lines # - Real PCT - Wanted PCT - Time Play
Normal Forward
1 - 34% - 40% - 17:42
2 - 29% - 30% - 14:55
3 - 23% - 20% - 11:56
4 - 14% - 10% - 7:04
Normal Defense
1 - 35% - 35% - 18:04
2 - 35% - 35% - 18:19
3 - 29% - 30% - 14:51
4 - 1% - 0% - 0:23
PP Forward
1 - 100% - 60% - 1:59
2 - 0% - 40% - 0:00
PP Defense
1 - 61% - 60% - 1:13
2 - 39% - 40% - 0:46
PK Forward
1 - 80% - 60% - 4:17
2 - 20% - 40% - 1:03
PK Defense
1 - 86% - 60% - 4:34
2 - 14% - 40% - 0:46
PK3 Forward
1 - 73% - 60% - 0:47
2 - 27% - 40% - 0:17
PK3 Defense
1 - 100% - 60% - 1:04
2 - 0% - 40% - 0:00
44 Forward
1 - 0% - 60%
2 - 0% - 40%
44 Defense
1 - 0% - 60%
2 - 0% - 40%
Last Minute Offensive - 0:00
Last Minute Defensive - 0:00
Total
Forward - 60:00
Defense - 60:00
|
% Time on Ice - Minnesota North Stars
Lines # - Real PCT - Wanted PCT - Time Play
Normal Forward
1 - 26% - 29% - 13:39
2 - 26% - 29% - 13:31
3 - 28% - 29% - 14:41
4 - 19% - 13% - 9:46
Normal Defense
1 - 28% - 30% - 14:40
2 - 32% - 30% - 16:31
3 - 27% - 25% - 14:08
4 - 12% - 15% - 6:18
PP Forward
1 - 45% - 50% - 2:52
2 - 55% - 50% - 3:32
PP Defense
1 - 47% - 50% - 3:01
2 - 53% - 50% - 3:23
PK Forward
1 - 75% - 50% - 1:29
2 - 25% - 50% - 0:30
PK Defense
1 - 36% - 50% - 0:43
2 - 64% - 50% - 1:16
PK3 Forward
1 - 0% - 50%
2 - 0% - 50%
PK3 Defense
1 - 0% - 50%
2 - 0% - 50%
44 Forward
1 - 0% - 50%
2 - 0% - 50%
44 Defense
1 - 0% - 50%
2 - 0% - 50%
Last Minute Offensive - 0:00
Last Minute Defensive - 0:00
Total
Forward - 60:00
Defense - 60:00
|
Play-by-Play
1st period
0:01 of 1st period - Brayden Point wins face-off versus Ryan Nugent-Hopkins in neutral zone.
0:04 of 1st period - Jamie Oleksiak is hit by John Carlson and loses puck.
0:26 of 1st period - Jamie Oleksiak is hit by Brad Marchand.
0:34 of 1st period - Snap shot by Viktor Arvidsson.
0:34 of 1st period - Stopped by Jake Oettinger with a rebound.
0:36 of 1st period - Slapshot by Brandon Montour.
0:36 of 1st period - Stopped by Jake Oettinger without a rebound.
0:37 of 1st period - Cody Glass wins face-off versus Frank Vatrano in Washington Capitals zone.
0:42 of 1st period - Wrist shot by Owen Tippett.
0:42 of 1st period - Stopped by Stuart Skinner with a rebound.
0:48 of 1st period - Slapshot by Brock Nelson.
0:48 of 1st period - Stopped by Jake Oettinger without a rebound.
0:49 of 1st period - Adam Lowry wins face-off versus Nick Foligno in Washington Capitals zone.
0:58 of 1st period - Slapshot by Eeli Tolvanen.
0:58 of 1st period - Shot Misses the Net.
1:03 of 1st period - Off-side.
1:04 of 1st period - Jonathan Toews wins face-off versus Brayden Point in neutral zone.
1:28 of 1st period - Icing by Brock Nelson.
1:29 of 1st period - Nico Hischier wins face-off versus Evgeni Malkin in Minnesota North Stars zone.
1:40 of 1st period - Wrist shot by Nico Hischier.
1:40 of 1st period - Stopped by Stuart Skinner with a rebound.
1:44 of 1st period - Snap shot by Jordan Kyrou.
1:44 of 1st period - Shot Blocked by Viktor Arvidsson.
1:46 of 1st period - Slapshot by Nick Jensen.
1:46 of 1st period - Stopped by Stuart Skinner with a rebound.
2:08 of 1st period - Icing by Rasmus Dahlin.
2:09 of 1st period - Brayden Point wins face-off versus Jack Hughes in Minnesota North Stars zone.
3:02 of 1st period - Neal Pionk is hit by Owen Tippett.
3:06 of 1st period - Snap shot by Evgeni Malkin.
3:06 of 1st period - Deflect By Drake Batherson.
3:06 of 1st period - Stopped by Jake Oettinger with a rebound.
3:08 of 1st period - Slapshot by Evgeni Malkin.
3:08 of 1st period - Shot Blocked by Cody Glass.
3:10 of 1st period - Wrist shot by Neal Pionk.
3:10 of 1st period - Shot Misses the Net.
3:24 of 1st period - Slapshot by John Carlson.
3:24 of 1st period - Shot Blocked by Neal Pionk.
3:26 of 1st period - Wrist shot by Nick Foligno.
3:26 of 1st period - Stopped by Stuart Skinner without a rebound.
3:27 of 1st period - Jonathan Toews wins face-off versus Nick Foligno in Minnesota North Stars zone.
4:06 of 1st period - Off-side.
4:07 of 1st period - Brayden Point wins face-off versus Ryan Nugent-Hopkins in neutral zone.
4:21 of 1st period - Snap shot by Jason Robertson.
4:21 of 1st period - Stopped by Stuart Skinner with a rebound.
4:23 of 1st period - Slapshot by Nick Jensen.
4:23 of 1st period - Shot Blocked by Jamie Oleksiak.
4:42 of 1st period - Owen Tippett is hit by Jack Hughes and loses puck.
4:55 of 1st period - Slapshot by Ryan Nugent-Hopkins.
4:55 of 1st period - Stopped by Jake Oettinger without a rebound.
4:56 of 1st period - Evgeni Malkin wins face-off versus Brayden Point in Washington Capitals zone.
5:51 of 1st period - Slapshot by Eeli Tolvanen.
5:51 of 1st period - Stopped by Jake Oettinger with a rebound.
6:32 of 1st period - John Carlson is hit by Ryan Nugent-Hopkins and loses puck.
6:55 of 1st period - Wrist shot by Brock Nelson.
6:55 of 1st period - Stopped by Jake Oettinger with a rebound.
7:27 of 1st period - Brad Marchand is hit by Rasmus Dahlin and loses puck.
7:32 of 1st period - Slapshot by Derick Brassard.
7:32 of 1st period - Stopped by Jake Oettinger without a rebound.
7:33 of 1st period - Brayden Point wins face-off versus Adam Lowry in Washington Capitals zone.
8:08 of 1st period - Viktor Arvidsson is hit by Owen Tippett and loses puck.
8:29 of 1st period - Snap shot by Jeff Skinner.
8:29 of 1st period - Stopped by Jake Oettinger without a rebound.
8:30 of 1st period - Ryan Nugent-Hopkins wins face-off versus Nick Foligno in Washington Capitals zone.
8:33 of 1st period - Slapshot by Jeff Skinner.
8:33 of 1st period - Stopped by Jake Oettinger without a rebound.
8:34 of 1st period - Jonathan Toews wins face-off versus Brayden Point in Washington Capitals zone.
8:51 of 1st period - Backhand shot by Brayden Point.
8:51 of 1st period - Shot Blocked by Jonathan Toews.
9:30 of 1st period - Wrist shot by Ryan Nugent-Hopkins.
9:30 of 1st period - Shot Misses the Net.
9:32 of 1st period - Slapshot by Neal Pionk.
9:32 of 1st period - Shot Misses the Net.
9:34 of 1st period - Slapshot by Neal Pionk.
9:34 of 1st period - Deflect By Jack Hughes.
9:34 of 1st period - Deflect By Nico Hischier.
9:34 of 1st period - Stopped by Jake Oettinger without a rebound.
9:35 of 1st period - Ryan Nugent-Hopkins wins face-off versus Brayden Point in Washington Capitals zone.
10:53 of 1st period - Snap shot by Jason Zucker.
10:53 of 1st period - Shot Misses the Net.
11:03 of 1st period - Justin Holl is hit by Jordan Kyrou.
11:59 of 1st period - Wrist shot by Brock Nelson.
11:59 of 1st period - Stopped by Jake Oettinger with a rebound.
12:34 of 1st period - Wrist shot by Eeli Tolvanen.
12:34 of 1st period - Shot Blocked by John Carlson.
12:36 of 1st period - Wrist shot by Neal Pionk.
12:36 of 1st period - Shot Blocked by David Savard.
12:46 of 1st period - John Carlson is hit by Neal Pionk and loses puck.
12:59 of 1st period - Backhand shot by Owen Tippett.
12:59 of 1st period - Shot Blocked by Neal Pionk.
13:19 of 1st period - Snap shot by Brock Nelson.
13:19 of 1st period - Shot Misses the Net.
13:33 of 1st period - Brock Nelson is hit by Dominik Kubalik and loses puck.
13:54 of 1st period - Snap shot by Jack Hughes.
13:54 of 1st period - Shot Misses the Net.
13:56 of 1st period - Backhand shot by Ryan Nugent-Hopkins.
13:56 of 1st period - Shot Misses the Net.
13:58 of 1st period - Slapshot by Neal Pionk.
13:58 of 1st period - Stopped by Jake Oettinger without a rebound.
13:59 of 1st period - Brayden Point wins face-off versus Ryan Nugent-Hopkins in Washington Capitals zone.
14:20 of 1st period - Brayden Point is hit by Jamie Oleksiak.
14:36 of 1st period - Wrist shot by Brayden Point.
14:36 of 1st period - Stopped by Stuart Skinner without a rebound.
14:37 of 1st period - Nico Hischier wins face-off versus Evgeni Malkin in Minnesota North Stars zone.
14:40 of 1st period - Wrist shot by Nico Hischier.
14:40 of 1st period - Shot Blocked by Gustav Forsling.
14:42 of 1st period - Slapshot by Nick Jensen.
14:42 of 1st period - Deflect By Jordan Kyrou.
14:42 of 1st period - Stopped by Stuart Skinner without a rebound.
14:43 of 1st period - Evgeni Malkin wins face-off versus Nico Hischier in Minnesota North Stars zone.
14:48 of 1st period - Snap shot by Viktor Arvidsson.
14:48 of 1st period - Stopped by Jake Oettinger with a rebound.
15:04 of 1st period - Jordan Kyrou is hit by Viktor Arvidsson.
16:14 of 1st period - Backhand shot by Nico Hischier.
16:14 of 1st period - Stopped by Stuart Skinner with a rebound.
16:16 of 1st period - Wrist shot by Nick Jensen.
16:16 of 1st period - Deflect By Nico Hischier.
16:16 of 1st period - Stopped by Stuart Skinner with a rebound.
16:38 of 1st period - Wrist shot by Evgeni Malkin.
16:38 of 1st period - Shot Misses the Net.
16:51 of 1st period - Minor Penalty to Gustav Forsling for Roughing.
16:52 of 1st period - Ryan Nugent-Hopkins wins face-off versus Brayden Point in Minnesota North Stars zone.
18:46 of 1st period - Jonathan Toews is hit by Nick Jensen and loses puck.
18:51 of 1st period - Penalty to Gustav Forsling is over, Gustav Forsling is back on ice.
19:13 of 1st period - Wrist shot by Derick Brassard.
19:13 of 1st period - Shot Misses the Net.
19:29 of 1st period - Snap shot by Drake Batherson.
19:29 of 1st period - Deflect By Cody Glass.
19:29 of 1st period - Shot Blocked by Brandon Montour.
19:29 of 1st period - Puck is out of play.
19:30 of 1st period - Ryan Nugent-Hopkins wins face-off versus Nick Foligno in Minnesota North Stars zone.
19:49 of 1st period - David Savard is hit by Evgeni Malkin and loses puck.
Goals for this period are 0 for Washington Capitals vs 0 for Minnesota North Stars.
Shots for this period are 9 for Washington Capitals vs 14 for Minnesota North Stars.
2nd period
0:01 of 2nd period - Jonathan Toews wins face-off versus Brayden Point in neutral zone.
0:08 of 2nd period - Frank Vatrano is hit by Jason Robertson and loses puck.
0:42 of 2nd period - Dylan DeMelo is hit by Neal Pionk.
0:52 of 2nd period - Jordan Kyrou is hit by Adam Lowry and loses puck.
1:01 of 2nd period - Wrist shot by Eeli Tolvanen.
1:01 of 2nd period - Shot Misses the Net.
1:03 of 2nd period - Snap shot by Derick Brassard.
1:03 of 2nd period - Shot Blocked by John Carlson.
1:15 of 2nd period - Backhand shot by John Carlson.
1:15 of 2nd period - Deflect By Justin Holl.
1:15 of 2nd period - Stopped by Stuart Skinner with a rebound.
1:19 of 2nd period - Snap shot by Dominik Kubalik.
1:19 of 2nd period - Stopped by Stuart Skinner without a rebound.
1:20 of 2nd period - Brayden Point wins face-off versus Jonathan Toews in Minnesota North Stars zone.
1:54 of 2nd period - Ryan Nugent-Hopkins is hit by Erik Cernak and loses puck.
2:01 of 2nd period - Erik Cernak is hit by Jeff Skinner and loses puck.
2:12 of 2nd period - Snap shot by Adam Lowry.
2:12 of 2nd period - Deflect By Eeli Tolvanen.
2:12 of 2nd period - Shot Blocked by Jordan Kyrou.
2:12 of 2nd period - Puck is out of play.
2:13 of 2nd period - Nico Hischier wins face-off versus Adam Lowry in Washington Capitals zone.
2:56 of 2nd period - Icing by Jordan Kyrou.
2:57 of 2nd period - Jonathan Toews wins face-off versus Nico Hischier in Washington Capitals zone.
3:26 of 2nd period - Wrist shot by Jeff Skinner.
3:26 of 2nd period - Shot Misses the Net.
3:28 of 2nd period - Snap shot by Jeff Skinner.
3:28 of 2nd period - Stopped by Jake Oettinger without a rebound.
3:29 of 2nd period - Brayden Point wins face-off versus Ryan Nugent-Hopkins in Washington Capitals zone.
3:34 of 2nd period - Slapshot by Brayden Point.
3:34 of 2nd period - Stopped by Stuart Skinner with a rebound.
3:36 of 2nd period - Snap shot by John Carlson.
3:36 of 2nd period - Stopped by Stuart Skinner without a rebound.
3:37 of 2nd period - Jonathan Toews wins face-off versus Brayden Point in Minnesota North Stars zone.
3:37 of 2nd period - Jonathan Toews is hit by Alex Ovechkin.
4:32 of 2nd period - Wrist shot by Evgeni Malkin.
4:32 of 2nd period - Stopped by Jake Oettinger with a rebound.
5:11 of 2nd period - Brayden Point is hit by Brock Nelson and loses puck.
5:55 of 2nd period - Wrist shot by Dominik Kubalik.
5:55 of 2nd period - Shot Misses the Net.
5:57 of 2nd period - Slapshot by John Carlson.
5:57 of 2nd period - Shot Misses the Net.
5:59 of 2nd period - Wrist shot by Nick Foligno.
5:59 of 2nd period - Shot Blocked by Evgeni Malkin.
6:01 of 2nd period - Wrist shot by Jason Zucker.
6:01 of 2nd period - Shot Blocked by Evgeni Malkin.
6:03 of 2nd period - Slapshot by David Savard.
6:03 of 2nd period - Shot Blocked by Jamie Oleksiak.
6:15 of 2nd period - Slapshot by Rasmus Dahlin.
6:15 of 2nd period - Deflect By Eeli Tolvanen.
6:15 of 2nd period - Shot Blocked by David Savard.
6:15 of 2nd period - Puck is out of play.
6:16 of 2nd period - Adam Lowry wins face-off versus Nico Hischier in Washington Capitals zone.
6:21 of 2nd period - Snap shot by Eeli Tolvanen.
6:21 of 2nd period - Shot Misses the Net.
6:31 of 2nd period - Brandon Montour is hit by Brad Marchand and loses puck.
6:50 of 2nd period - Slapshot by Jordan Kyrou.
6:50 of 2nd period - Shot Blocked by Brandon Montour.
6:52 of 2nd period - Snap shot by Nico Hischier.
6:52 of 2nd period - Stopped by Stuart Skinner without a rebound.
6:53 of 2nd period - Jonathan Toews wins face-off versus Brayden Point in Minnesota North Stars zone.
7:07 of 2nd period - Wrist shot by Jason Robertson.
7:07 of 2nd period - Stopped by Stuart Skinner with a rebound.
7:27 of 2nd period - Slapshot by Cody Glass.
7:27 of 2nd period - Shot Misses the Net.
7:45 of 2nd period - Slapshot by Dominik Kubalik.
7:45 of 2nd period - Deflect By Jason Zucker.
7:45 of 2nd period - Stopped by Stuart Skinner with a rebound.
7:47 of 2nd period - Slapshot by Erik Cernak.
7:47 of 2nd period - Shot Blocked by Evan Rodrigues.
7:49 of 2nd period - Snap shot by Nick Foligno.
7:49 of 2nd period - Shot Misses the Net.
8:29 of 2nd period - Snap shot by Eeli Tolvanen.
8:29 of 2nd period - Stopped by Jake Oettinger without a rebound.
8:30 of 2nd period - Jonathan Toews wins face-off versus Brayden Point in Washington Capitals zone.
8:53 of 2nd period - Minor Penalty to Jason Robertson for Hooking.
8:54 of 2nd period - Nico Hischier wins face-off versus Ryan Nugent-Hopkins in Washington Capitals zone.
9:07 of 2nd period - Backhand shot by Ryan Nugent-Hopkins.
9:07 of 2nd period - Goal by Ryan Nugent-Hopkins - Washington Capitals : 0 - Minnesota North Stars : 1.
9:08 of 2nd period - Brayden Point wins face-off versus Brock Nelson in neutral zone.
9:11 of 2nd period - Snap shot by Alex Ovechkin.
9:11 of 2nd period - Deflect By Jason Robertson.
9:11 of 2nd period - Shot Misses the Net.
9:11 of 2nd period - Puck is out of play.
9:12 of 2nd period - Jonathan Toews wins face-off versus Brayden Point in Minnesota North Stars zone.
9:12 of 2nd period - Jonathan Toews is hit by Alex Ovechkin.
9:17 of 2nd period - Off-side.
9:18 of 2nd period - Brayden Point wins face-off versus Brock Nelson in neutral zone.
9:43 of 2nd period - Slapshot by Brock Nelson.
9:43 of 2nd period - Shot Blocked by John Carlson.
9:45 of 2nd period - Slapshot by Rasmus Dahlin.
9:45 of 2nd period - Stopped by Jake Oettinger without a rebound.
9:46 of 2nd period - Ryan Nugent-Hopkins wins face-off versus Drake Batherson in Washington Capitals zone.
10:34 of 2nd period - Brayden Point is hit by Jonathan Toews and loses puck.
11:24 of 2nd period - Slapshot by David Savard.
11:24 of 2nd period - Deflect By Cody Glass.
11:24 of 2nd period - Shot Misses the Net.
11:24 of 2nd period - Puck is out of play.
11:25 of 2nd period - Cody Glass wins face-off versus Ryan Nugent-Hopkins in Minnesota North Stars zone.
11:26 of 2nd period - Slapshot by Drake Batherson.
11:26 of 2nd period - Shot Misses the Net.
12:17 of 2nd period - Snap shot by Evgeni Malkin.
12:17 of 2nd period - Shot Blocked by Erik Cernak.
12:19 of 2nd period - Slapshot by Jamie Oleksiak.
12:19 of 2nd period - Shot Blocked by Dylan DeMelo.
12:21 of 2nd period - Slapshot by Jamie Oleksiak.
12:21 of 2nd period - Stopped by Jake Oettinger with a rebound.
12:30 of 2nd period - Icing by Jordan Kyrou.
12:31 of 2nd period - Nick Foligno wins face-off versus Adam Lowry in Washington Capitals zone.
12:56 of 2nd period - Snap shot by Brayden Point.
12:56 of 2nd period - Deflect By Jason Robertson.
12:56 of 2nd period - Shot Misses the Net.
12:56 of 2nd period - Puck is out of play.
12:57 of 2nd period - Jeff Skinner wins face-off versus Brayden Point in Minnesota North Stars zone.
13:07 of 2nd period - Jeff Skinner is hit by Nick Jensen and loses puck.
13:18 of 2nd period - Wrist shot by Alex Ovechkin.
13:18 of 2nd period - Stopped by Stuart Skinner without a rebound.
13:19 of 2nd period - Brock Nelson wins face-off versus Cody Glass in Minnesota North Stars zone.
13:19 of 2nd period - Brock Nelson is hit by David Savard.
13:54 of 2nd period - Snap shot by Brayden Point.
13:54 of 2nd period - Stopped by Stuart Skinner without a rebound.
13:55 of 2nd period - Jonathan Toews wins face-off versus Brayden Point in Minnesota North Stars zone.
14:06 of 2nd period - Slapshot by Brock Nelson.
14:06 of 2nd period - Shot Misses the Net.
14:08 of 2nd period - Snap shot by Jonathan Toews.
14:08 of 2nd period - Shot Blocked by Ian Cole.
14:10 of 2nd period - Wrist shot by Brock Nelson.
14:10 of 2nd period - Stopped by Jake Oettinger with a rebound.
14:12 of 2nd period - Slapshot by Rasmus Dahlin.
14:12 of 2nd period - Shot Blocked by Ian Cole.
14:22 of 2nd period - Jeff Skinner is hit by Jordan Kyrou.
14:48 of 2nd period - Snap shot by Cody Glass.
14:48 of 2nd period - Deflect By Eeli Tolvanen.
14:48 of 2nd period - Shot Blocked by Adam Lowry.
14:48 of 2nd period - Puck is out of play.
14:49 of 2nd period - Adam Lowry wins face-off versus Drake Batherson in Minnesota North Stars zone.
14:49 of 2nd period - Adam Lowry is hit by Owen Tippett.
14:54 of 2nd period - Jamie Oleksiak is hit by Cody Glass and loses puck.
14:58 of 2nd period - Icing by Cody Glass.
14:59 of 2nd period - Evan Rodrigues wins face-off versus Cody Glass in Washington Capitals zone.
15:29 of 2nd period - Icing by Viktor Arvidsson.
15:30 of 2nd period - Evgeni Malkin wins face-off versus Brayden Point in Minnesota North Stars zone.
15:46 of 2nd period - Slapshot by John Carlson.
15:46 of 2nd period - Shot Blocked by Evan Rodrigues.
15:56 of 2nd period - Slapshot by Viktor Arvidsson.
15:56 of 2nd period - Shot Blocked by John Carlson.
15:58 of 2nd period - Snap shot by Evan Rodrigues.
15:58 of 2nd period - Shot Blocked by John Carlson.
16:00 of 2nd period - Slapshot by Rasmus Dahlin.
16:00 of 2nd period - Deflect By John Carlson.
16:00 of 2nd period - Stopped by Jake Oettinger without a rebound.
16:01 of 2nd period - Brayden Point wins face-off versus Jonathan Toews in Washington Capitals zone.
16:01 of 2nd period - Brayden Point is hit by Jonathan Toews.
16:07 of 2nd period - Neal Pionk is hit by Brayden Point and loses puck.
16:16 of 2nd period - Wrist shot by Jason Robertson.
16:16 of 2nd period - Stopped by Stuart Skinner without a rebound.
16:17 of 2nd period - Nico Hischier wins face-off versus Ryan Nugent-Hopkins in Minnesota North Stars zone.
16:22 of 2nd period - Snap shot by Nico Hischier.
16:22 of 2nd period - Deflect By Rasmus Dahlin.
16:22 of 2nd period - Stopped by Stuart Skinner without a rebound.
16:23 of 2nd period - Nico Hischier wins face-off versus Ryan Nugent-Hopkins in Minnesota North Stars zone.
16:56 of 2nd period - Snap shot by Jason Robertson.
16:56 of 2nd period - Stopped by Stuart Skinner without a rebound.
16:57 of 2nd period - Jonathan Toews wins face-off versus Brayden Point in Minnesota North Stars zone.
17:32 of 2nd period - Snap shot by Brayden Point.
17:32 of 2nd period - Shot Misses the Net.
17:44 of 2nd period - Neal Pionk is hit by Alex Ovechkin and loses puck.
17:51 of 2nd period - Slapshot by Brayden Point.
17:51 of 2nd period - Shot Misses the Net.
17:57 of 2nd period - Slapshot by Jonathan Toews.
17:57 of 2nd period - Shot Misses the Net.
17:59 of 2nd period - Snap shot by Jonathan Toews.
17:59 of 2nd period - Stopped by Jake Oettinger with a rebound.
18:01 of 2nd period - Slapshot by Neal Pionk.
18:01 of 2nd period - Stopped by Jake Oettinger without a rebound.
18:02 of 2nd period - Ryan Nugent-Hopkins wins face-off versus Nico Hischier in Washington Capitals zone.
18:13 of 2nd period - Jack Hughes is hit by Nico Hischier and loses puck.
19:07 of 2nd period - Minor Penalty to Dylan DeMelo for Interference.
19:08 of 2nd period - Evgeni Malkin wins face-off versus Nico Hischier in Washington Capitals zone.
19:41 of 2nd period - Snap shot by Ryan Nugent-Hopkins.
19:41 of 2nd period - Shot Blocked by David Savard.
19:43 of 2nd period - Snap shot by Jack Hughes.
19:43 of 2nd period - Shot Misses the Net.
19:45 of 2nd period - Wrist shot by Jack Hughes.
19:45 of 2nd period - Shot Misses the Net.
Goals for this period are 0 for Washington Capitals vs 1 for Minnesota North Stars.
Shots for this period are 12 for Washington Capitals vs 10 for Minnesota North Stars.
3rd period
0:01 of 3rd period - Evgeni Malkin wins face-off versus Nico Hischier in neutral zone.
0:14 of 3rd period - Wrist shot by Brock Nelson.
0:14 of 3rd period - Stopped by Jake Oettinger without a rebound.
0:15 of 3rd period - Nico Hischier wins face-off versus Ryan Nugent-Hopkins in Washington Capitals zone.
1:07 of 3rd period - Penalty to Dylan DeMelo is over, Dylan DeMelo is back on ice.
1:11 of 3rd period - Dylan DeMelo is hit by Rasmus Dahlin and loses puck.
2:07 of 3rd period - Icing by Dylan DeMelo.
2:08 of 3rd period - Ryan Nugent-Hopkins wins face-off versus Cody Glass in Washington Capitals zone.
2:11 of 3rd period - Wrist shot by Jack Hughes.
2:11 of 3rd period - Stopped by Jake Oettinger without a rebound.
2:12 of 3rd period - Brayden Point wins face-off versus Ryan Nugent-Hopkins in Washington Capitals zone.
2:17 of 3rd period - Off-side.
2:18 of 3rd period - Ryan Nugent-Hopkins wins face-off versus Brayden Point in neutral zone.
2:31 of 3rd period - Slapshot by Ryan Nugent-Hopkins.
2:31 of 3rd period - Shot Blocked by Erik Cernak.
2:33 of 3rd period - Snap shot by Jack Hughes.
2:33 of 3rd period - Stopped by Jake Oettinger with a rebound.
2:35 of 3rd period - Snap shot by Jeff Skinner.
2:35 of 3rd period - Goal by Jeff Skinner - Washington Capitals : 0 - Minnesota North Stars : 2.
2:36 of 3rd period - Brayden Point wins face-off versus Evgeni Malkin in neutral zone.
3:03 of 3rd period - Ryan Nugent-Hopkins is hit by Brad Marchand.
3:31 of 3rd period - Wrist shot by Frank Vatrano.
3:31 of 3rd period - Shot Blocked by John Carlson.
3:36 of 3rd period - Minor Penalty to David Savard for Hooking.
3:37 of 3rd period - Nico Hischier wins face-off versus Ryan Nugent-Hopkins in Washington Capitals zone.
3:49 of 3rd period - Wrist shot by Ryan Nugent-Hopkins.
3:49 of 3rd period - Stopped by Jake Oettinger without a rebound.
3:49 of 3rd period - Minor Penalty to Jake Oettinger for Slashing.
3:50 of 3rd period - Evgeni Malkin wins face-off versus Nico Hischier in Washington Capitals zone.
3:59 of 3rd period - Slapshot by Evgeni Malkin.
3:59 of 3rd period - Stopped by Jake Oettinger without a rebound.
4:00 of 3rd period - Nico Hischier wins face-off versus Evgeni Malkin in Washington Capitals zone.
4:49 of 3rd period - Snap shot by Evgeni Malkin.
4:49 of 3rd period - Shot Misses the Net.
4:51 of 3rd period - Wrist shot by Brock Nelson.
4:51 of 3rd period - Shot Misses the Net.
4:53 of 3rd period - Wrist shot by Viktor Arvidsson.
4:53 of 3rd period - Goal by Viktor Arvidsson - Washington Capitals : 0 - Minnesota North Stars : 3.
4:54 of 3rd period - Ryan Nugent-Hopkins wins face-off versus Brad Marchand in neutral zone.
5:49 of 3rd period - Penalty to Ian Cole is over, Ian Cole is back on ice.
6:33 of 3rd period - Backhand shot by Nick Foligno.
6:33 of 3rd period - Stopped by Stuart Skinner without a rebound.
6:34 of 3rd period - Ryan Nugent-Hopkins wins face-off versus Cody Glass in Minnesota North Stars zone.
6:42 of 3rd period - Minor Penalty to Ian Cole for Slashing.
6:43 of 3rd period - Ryan Nugent-Hopkins wins face-off versus Nico Hischier in Washington Capitals zone.
6:45 of 3rd period - Snap shot by Jack Hughes.
6:45 of 3rd period - Stopped by Jake Oettinger without a rebound.
6:46 of 3rd period - Nico Hischier wins face-off versus Ryan Nugent-Hopkins in Washington Capitals zone.
7:03 of 3rd period - Wrist shot by Jack Hughes.
7:03 of 3rd period - Shot Blocked by Erik Cernak.
8:42 of 3rd period - Penalty to Ian Cole is over, Ian Cole is back on ice.
9:02 of 3rd period - Slapshot by Brayden Point.
9:02 of 3rd period - Shot Misses the Net.
9:08 of 3rd period - Alex Ovechkin is hit by Derick Brassard and loses puck.
9:21 of 3rd period - Jonathan Toews is hit by Cody Glass and loses puck.
10:35 of 3rd period - Jeff Skinner is hit by John Carlson and loses puck.
10:50 of 3rd period - David Savard is hit by Rasmus Dahlin.
11:16 of 3rd period - Nick Jensen is hit by Derick Brassard and loses puck.
11:51 of 3rd period - Eeli Tolvanen is hit by Owen Tippett and loses puck.
12:08 of 3rd period - Snap shot by Viktor Arvidsson.
12:08 of 3rd period - Stopped by Jake Oettinger with a rebound.
12:24 of 3rd period - Snap shot by Brock Nelson.
12:24 of 3rd period - Deflect By Brayden Point.
12:24 of 3rd period - Stopped by Jake Oettinger without a rebound.
12:25 of 3rd period - Jonathan Toews wins face-off versus Brayden Point in Washington Capitals zone.
13:13 of 3rd period - Snap shot by Jason Robertson.
13:13 of 3rd period - Stopped by Stuart Skinner with a rebound.
13:21 of 3rd period - Wrist shot by Jason Robertson.
13:21 of 3rd period - Shot Blocked by Jeff Skinner.
13:23 of 3rd period - Slapshot by Brayden Point.
13:23 of 3rd period - Shot Misses the Net.
13:25 of 3rd period - Slapshot by Jason Robertson.
13:25 of 3rd period - Deflect By Brayden Point.
13:25 of 3rd period - Shot Misses the Net.
13:25 of 3rd period - Puck is out of play.
13:26 of 3rd period - Evgeni Malkin wins face-off versus Nico Hischier in Minnesota North Stars zone.
13:57 of 3rd period - Nick Jensen is hit by Gustav Forsling and loses puck.
15:09 of 3rd period - Drake Batherson is hit by Evan Rodrigues.
15:19 of 3rd period - Slapshot by John Carlson.
15:19 of 3rd period - Goal by John Carlson - Washington Capitals : 1 - Minnesota North Stars : 3.
15:20 of 3rd period - Jonathan Toews wins face-off versus Alex Ovechkin in neutral zone.
15:25 of 3rd period - Snap shot by Brock Nelson.
15:25 of 3rd period - Stopped by Jake Oettinger without a rebound.
15:26 of 3rd period - Brayden Point wins face-off versus Jonathan Toews in Washington Capitals zone.
15:31 of 3rd period - Wrist shot by Jason Robertson.
15:31 of 3rd period - Stopped by Stuart Skinner without a rebound.
15:32 of 3rd period - Brayden Point wins face-off versus Frank Vatrano in Minnesota North Stars zone.
15:33 of 3rd period - Snap shot by Jason Robertson.
15:33 of 3rd period - Stopped by Stuart Skinner with a rebound.
15:35 of 3rd period - Snap shot by Jason Robertson.
15:35 of 3rd period - Shot Misses the Net.
15:43 of 3rd period - Brock Nelson is hit by Dylan DeMelo and loses puck.
16:06 of 3rd period - Snap shot by Jeff Skinner.
16:06 of 3rd period - Deflect By Ryan Nugent-Hopkins.
16:06 of 3rd period - Shot Hit the Post.
16:06 of 3rd period - Puck is out of play.
16:07 of 3rd period - Cody Glass wins face-off versus Ryan Nugent-Hopkins in Washington Capitals zone.
16:16 of 3rd period - Wrist shot by Drake Batherson.
16:16 of 3rd period - Shot Misses the Net.
16:34 of 3rd period - Jason Robertson is hit by Brandon Montour and loses puck.
17:32 of 3rd period - Icing by Eeli Tolvanen.
17:33 of 3rd period - Adam Lowry wins face-off versus Cody Glass in Minnesota North Stars zone.
17:44 of 3rd period - Wrist shot by Eeli Tolvanen.
17:44 of 3rd period - Shot Misses the Net.
18:40 of 3rd period - Slapshot by Viktor Arvidsson.
18:40 of 3rd period - Deflect By Evgeni Malkin.
18:40 of 3rd period - Shot Misses the Net.
18:40 of 3rd period - Puck is out of play.
18:41 of 3rd period - Evgeni Malkin wins face-off versus Nick Foligno in Washington Capitals zone.
18:44 of 3rd period - Wrist shot by Evgeni Malkin.
18:44 of 3rd period - Shot Misses the Net.
18:54 of 3rd period - Evan Rodrigues is hit by Nick Foligno.
19:11 of 3rd period - Slapshot by Jonathan Toews.
19:11 of 3rd period - Shot Blocked by David Savard.
19:26 of 3rd period - Snap shot by Jordan Kyrou.
19:26 of 3rd period - Stopped by Stuart Skinner without a rebound.
19:27 of 3rd period - Evgeni Malkin wins face-off versus Nico Hischier in Minnesota North Stars zone.
19:27 of 3rd period - Evgeni Malkin is hit by Erik Cernak.
Goals for this period are 1 for Washington Capitals vs 2 for Minnesota North Stars.
Shots for this period are 6 for Washington Capitals vs 11 for Minnesota North Stars.
Back to the Top